 Dungeon Crawl Stone Soup version 0.30-a0-377-g5cb311bc9f (webtiles) character file.

Game seed: 16690210979917410164

7 SmokeWeed the Sneak (level 2, 0/22 HPs)
             Began as a Naga Fire Elementalist on Nov 28, 2022.
             Succumbed to a kobold's poison
             ... on level 1 of the Dungeon.
             The game lasted 00:02:42 (503 turns).

SmokeWeed the Sneak (Naga Fire Elementalist)         Turns: 503, Time: 00:02:42

Health: 0/22       AC:  3    Str: 10    XL:     2   Next: 4%
Magic:  5/5        EV:  8    Int: 15    God:
Gold:   66         SH:  0    Dex: 11    Spells: 4/5 levels left

rFire   . . .      SeeInvis +    i - +0 short sword
rCold   . . .      Faith    .    (no shield)
rNeg    . . .      Spirit   .    f - +0 ring mail
rPois   +          Reflect  .    (no helmet)
rElec   .          Harm     .    (no cloak)
rCorr   .          Rampage  .    (no gloves)
Will    .....                    (no barding)
Stlth   +.........               (no amulet)
HPRegen 0.23/turn                (no ring)
MPRegen 0.09/turn                (no ring)

@: lethally poisoned (0 -> -15), very slow
A: AC +0, large, see invisible, deformed body, poison resistance, slowness 2,
spit poison 1, naga tail 1
a: Spit Poison


You were on level 1 of the Dungeon.
You visited 1 branch of the dungeon, and saw 1 of its levels.

You collected 66 gold pieces.

Inventory:

Hand Weapons
 c - a +0 dagger
 e - a +0 sling
 i - a +0 short sword (weapon)
Missiles
 h - 2 poisoned darts
Armour
 a - a +0 robe
 d - a +0 leather armour
 f - a +0 ring mail (worn)
Scrolls
 g - a scroll of enchant armour {unknown}
Potions
 b - a potion of magic


   Skills:
 + Level 0.2 Fighting
 + Level 1.2 Armour
 - Level 1.5 Dodging
 - Level 3.0 Stealth
 - Level 2.0 Spellcasting
 - Level 1.0 Conjurations
 - Level 3.0 Fire Magic


You had 4 spell levels left.
You knew the following spells:

 Your Spells              Type           Power      Damage    Failure   Level
a - Foxfire               Conj/Fire      28%        2x1d5     24%         1

Your spell library contained the following spells:

 Spells                   Type           Power      Damage    Failure   Level
 Scorch                   Fire           20%        2d6       24%         2
 Inner Flame              Hex/Fire       6%         N/A       65%         3
 Kindle Blastsparks       Fire/Tloc/Air  8%         2d10      73%         3
 Flame Wave               Conj/Fire      7%         2d5       94%         4


Dungeon Overview and Level Annotations

Branches:
Dungeon (1/15)

Altars:


Innate Abilities, Weirdness & Mutations

Your serpentine skin is tough. (AC +0)
You have supernaturally acute eyesight. (SInv)
Armour fits poorly on your strangely shaped body.
Your system is resistant to poisons. (rPois)
You cover ground very slowly.
You can spit poison.
You have a snake-like lower body.


Message History

The giant cockroach is severely wounded.
The giant cockroach closely misses you.
You hit the giant cockroach but do no damage.
The giant cockroach is severely wounded.
The giant cockroach bites you.
You hit the giant cockroach but do no damage.
The giant cockroach is severely wounded.
The giant cockroach bites you.
You hit the giant cockroach.
You kill the giant cockroach!
You have reached level 2!
You see here a +0 short sword.
i - a +0 short sword
i - a +0 short sword (weapon)
You see here a giant cockroach corpse.
A kobold comes into view. It is wielding a +1 dagger of venom.
You see here 9 stones.
The kobold hits you with a +1 dagger of venom.
A giant cockroach and a jackal come into view.
The kobold barely misses you. The kobold hits you but does no damage.
The kobold hits you with a +1 dagger of venom.
You are poisoned.
The kobold attacks as you move away! The kobold hits you but does no damage.
You are more poisoned.
A jackal comes into view.
You feel very sick.
The jackal barks!
The giant cockroach bites you but does no damage.
You feel very sick.
The jackal barks!
The kobold hits you with a +1 dagger of venom.
You are more poisoned.
The giant cockroach bites you.
* * * LOW HITPOINT WARNING * * *
The kobold barely misses you.
The giant cockroach attacks as you move away!
The giant cockroach bites you.
* * * LOW HITPOINT WARNING * * *
You die...

..##.#####
........ ♣
#...... ♣
♣.#.h...#
♣.♣.#.....# #
♣....h...#.#.#
♣...B........
♣♣#..K###.#.#
#.@.......#
##......###
##.##### #.#
#.# #(# #.#
####.##
##.....##
#####


You could see 2 jackals, a giant cockroach and a kobold.

Vanquished Creatures
  A ball python (D:1)
  A bat (D:1)
  A giant cockroach (D:1)
  A hobgoblin (D:1)
  A quokka (D:1)
  A frilled lizard (D:1)
6 creatures vanquished.

Vanquished Creatures (others)
  5 foxfires (D:1)
5 creatures vanquished.

Grand Total: 11 creatures vanquished

Notes
Turn   | Place    | Note
-------+----------+-------------------------------------------
     0 | D:1      | SmokeWeed the Naga Fire Elementalist began the quest for
                  | the Orb.
     0 | D:1      | Reached XP level 1. HP: 15/15 MP: 3/3
   407 | D:1      | Reached skill level 1 in Armour
   472 | D:1      | Reached XP level 2. HP: 18/22 MP: 5/5
   503 | D:1      | Succumbed to a kobold's poison

Illustrated notes

Levels and vault maps discovered:
D:1:      spicycebolla_arrival_xxxplode, layout_loops_corners,
          chequers_ecumenical_altar_grove

Skill      XL: |  1 |
---------------+----+-----
Armour         | 1 |  1.2
Fighting       | |  0.2
Dodging        | |  1.5
Stealth        | |  3.0
Spellcasting   | |  2.0
Conjurations   | |  1.0
Fire Magic     | |  3.0

Action                   || total
-------------------------++-------
Melee: Dagger            ||    28
       Punch             ||     1
 Cast: Foxfire           ||     4
Armor: Ring mail         ||    10
Dodge: Dodged            ||    13

Table legend: (Time is in decaauts)
 A = Elapsed time spent in this place.
 B = Non-inter-level travel time spent in this place.
 C = Inter-level travel time spent in this place.
 D = Time resting spent in this place.
 E = Time spent auto-exploring this place.
 F = Levels seen in this place.
 G = Mean time per level.
                   A        B        C        D        E       F      G
               +--------+--------+--------+--------+--------+-----+--------+
         Total |    630 |    614 |     16 |      0 |    454 |   1 |  630.0 |
       Dungeon |    630 |    614 |     16 |      0 |    454 |   1 |  630.0 |
               +--------+--------+--------+--------+--------+-----+--------+

Top non-repeatable levels by time:
     D:1: 630 daAuts
